 Dungeon Crawl Stone Soup version 0.22.1-2-g9c5b331 (webtiles) character file.

175 Matador8 the Cudgeler (level 5, -2/41 HPs)
             Began as a Human Abyssal Knight on Dec 24, 2018.
             Was a Believer of Lugonu.
             Slain by an iguana (8 damage)
             ... on level 2 of the Dungeon.
             The game lasted 00:15:47 (4170 turns).

Matador8 the Cudgeler (Human Abyssal Knight)        Turns: 4170, Time: 00:15:48

Health: -2/41      AC:  6    Str: 13    XL:     5   Next: 85%
Magic:  7/7        EV:  9    Int: 12    God:    Lugonu [**....]
Gold:   130        SH:  0    Dex: 13    Spells: 4/4 levels left

rFire    . . .     SeeInvis .   z - +0 flail
rCold    . . .     Gourm    .   (no shield)
rNeg     . . .     Faith    .   u - +0 scale mail
rPois    .         Spirit   .   (no helmet)
rElec    .         Reflect  .   (no cloak)
rCorr    .         Harm     .   (no gloves)
MR       .....                  (no boots)
Stlth    ..........             (no amulet)
HPRegen  0.13/turn              (no ring)
MPRegen  0.10/turn              (no ring)

@: no status effects
A: no striking features
a: Depart the Abyss, Bend Space, Renounce Religion


You were on level 2 of the Dungeon.
You worshipped Lugonu.
Lugonu was pleased with you.
You were not hungry.

You visited 1 branch of the dungeon, and saw 4 of its levels.
You visited the Abyss 1 time.

You collected 130 gold pieces.

Inventory:

Hand Weapons
 a - a +1 mace
 m - a +2 dagger of flaming
 t - a +0 whip
 z - a +0 flail (weapon)
Missiles
 k - 58 sling bullets
 r - 4 needles of confusion
 v - 11 poisoned needles
 y - 13 arrows
Armour
 b - a +0 leather armour
 u - a +0 scale mail (worn)
Jewellery
 d - an uncursed ring of stealth {unknown}
 f - an uncursed amulet of the acrobat {unknown}
 x - an uncursed amulet of magic regeneration {unknown}
Scrolls
 e - a scroll of magic mapping {unknown}
 h - a scroll of teleportation {unknown}
 j - a scroll of random uselessness {unknown}
 l - a scroll of enchant weapon {unknown}
 o - a scroll of noise {unknown}
 s - 2 scrolls of remove curse
Potions
 g - 2 potions of heal wounds {unknown}
 i - 2 potions of cancellation {unknown}
 n - 2 potions of degeneration {unknown}
 p - 2 potions of mutation {unknown}
 q - a potion of lignification {unknown}
Comestibles
 c - 3 rations
 w - a chunk of flesh


   Skills:
 - Level 3.0 Fighting
 * Level 4.7 Maces & Flails
 - Level 2.0 Armour
 - Level 1.0 Dodging
 + Level 3.7 Invocations


You had 4 spell levels left.
You didn't know any spells.
Your spell library was empty.

Dungeon Overview and Level Annotations

Branches:
Dungeon (4/15)
 Temple: D:4-7

Altars:
Nemelex Xobeh
Xom


Message History

You barely miss the iguana. The iguana bites you!
You barely miss the iguana. The iguana bites you.
You hit the iguana.
The iguana is lightly wounded.
The iguana bites you.
You closely miss the iguana.
The iguana is lightly wounded.
The iguana bites you.
You hit the iguana.
The iguana is moderately wounded.
The iguana barely misses you. The iguana bites you!
* * * LOW HITPOINT WARNING * * *
You hit the iguana but do no damage.
The iguana is moderately wounded.
The iguana bites you.
* * * LOW HITPOINT WARNING * * *
You hit the iguana.
The iguana is severely wounded.
The iguana bites you!
You die...

#.# #...................# #.#
#..#...#...#...#...### #.#
#_...................# #.#
#..#...#...#...#...#.# #.#
#....)...............# #.#
####################.# #.#
##.#..###(##...# #[# #.#
##.###........#.# #.# #.# #.##
##....@....# #.######## #.#
##.###.#.#l##..####.........
#.#
##.#.##(#.##..###......####
#.# ##.###.#.##..##.......#
#.# #.# #.#.##..##.......#
#.#######.###.#.##..##.#>...##
#.............#..........#####
#..######....#####...........#
#..# ####.# #...#.#####.#


You could see an iguana.

Vanquished Creatures
  2 orc priests
  A centaur skeleton (D:4)
  3 gnolls (D:3)
  An adder (D:3)
  2 dart slugs
  2 leopard geckos
  4 orcs (D:3)
  2 giant cockroaches
  6 goblins
  A hobgoblin (D:1)
  A quokka (D:3)
  3 bats
  5 frilled lizards (D:1)
  7 kobolds
  3 rats
43 creatures vanquished.

Notes
Turn   | Place    | Note
-------+----------+-------------------------------------------
     0 | Abyss:1  | Matador8 the Human Abyssal Knight began the quest for the
                  | Orb.
     0 | Abyss:1  | Reached XP level 1. HP: 18/18 MP: 2/2
    52 | D:1      | Escaped the Abyss
   169 | D:1      | Reached XP level 2. HP: 20/24 MP: 3/3
   821 | D:1      | Reached XP level 3. HP: 29/29 MP: 4/4
   833 | D:1      | Reached skill level 3 in Maces & Flails
  1381 | D:2      | Found a shimmering altar of Xom.
  1854 | D:3      | Found a sparkling altar of Nemelex Xobeh.
  2075 | D:3      | Reached XP level 4. HP: 33/35 MP: 6/6
  2363 | D:3      | Reached ** piety under Lugonu
  2507 | D:3      | HP: 1/35 [gnoll/spear (1)]
  3721 | D:3      | Reached skill level 4 in Maces & Flails
  3721 | D:3      | Reached XP level 5. HP: 10/41 MP: 7/7
  4041 | D:4      | Noticed a phantom
  4170 | D:2      | Slain by an iguana

Skill      XL: |  1  2  3  4 |
---------------+-------------+-----
Maces & Flails | 3 4 |  4.7
Invocations    | 3 |  3.7
Fighting       | |  3.0
Armour         | |  2.0
Dodging        | |  1.0

Action                   |  1- 3 |  4- 6 || total
-------------------------+-------+-------++-------
Melee: Mace              |    70 |     4 ||    74
       Flail             |       |    48 ||    48
  Use: Scroll            |       |     1 ||     1
  Eat: Chunk             |     1 |     3 ||     4
       Ration            |     1 |     1 ||     2
Armor: Leather armour    |    21 |       ||    21
       Scale mail        |     4 |    24 ||    28
Dodge: Dodged            |    33 |    31 ||    64
